 Dungeon Crawl Stone Soup version 0.31-a0-740-g87205ac768 (webtiles) character file.

Game seed: 11854389333468444079

147 Newt the Shooter (level 5, -1/35 HPs)
             Began as a Kobold Hunter on Sept 12, 2023.
             Slain by an orc
             ... wielding a +0 hand axe
              (3 damage)
             ... on level 3 of the Dungeon.
             The game lasted 00:01:41 (3186 turns).

Newt the Shooter (Kobold Hunter)                    Turns: 3186, Time: 00:01:42

Health: -1/35      AC:  4    Str:  8    XL:     5   Next: 54%
Magic:  5/5        EV: 14    Int: 11    God:
Gold:   161        SH:  0    Dex: 20    Spells: 4/4 levels left

rFire   . . .        a - +0 shortbow
rCold   . . .        (shield currently unavailable)
rNeg    . . .        c - +0 leather armour
rPois   .            (no helmet)
rElec   .            (no cloak)
rCorr   .            e - +0 pair of gloves
SInv    .            (no boots)
Will    .....        (no amulet)
Stlth   +++          (no ring)
HPRegen 0.25/turn    (no ring)
MPRegen 0.09/turn

%: no passive effects
@: no status effects
A: small, no large weapons, nightstalker 3
a: no special abilities


You were on level 3 of the Dungeon.
You visited 1 branch of the dungeon, and saw 3 of its levels.

You collected 161 gold pieces.

Inventory:

Hand Weapons
 a - a +0 shortbow (weapon)
Armour
 c - a +0 leather armour (worn)
 e - a +0 pair of gloves (worn)
Wands
 j - a wand of iceblast (4)
Scrolls
 b - a scroll of butterflies
 d - a scroll of vulnerability
 g - a scroll of amnesia
 m - a scroll of enchant armour {unknown}
Potions
 f - a potion of degeneration {unknown}
 h - 2 potions of enlightenment
 i - a potion of berserk rage {unknown}
 k - 2 potions of brilliance {unknown}
 l - 2 potions of curing {unknown}
 n - a potion of attraction {unknown}


   Skills:
 - Level 5.0 Fighting
 + Level 6.5 Ranged Weapons
 - Level 2.4 Dodging
 - Level 1.3 Stealth


You had 4 spell levels left.
You didn't know any spells.
Your spell library contained the following spells:

 Spells                   Type           Power      Damage    Failure   Level
 Blink                    Tloc           0%         N/A       61%         2
 Manifold Assault         Tloc           0%         N/A       99%         4


Dungeon Overview and Level Annotations

Branches:
Dungeon (3/15)

Altars:

Annotations:
D:3 2 transporters


Innate Abilities, Weirdness & Mutations

You are small and have problems with some larger weapons.
You are completely attuned to the shadows.


Message History

An orc comes into view. It is wielding a +0 hand axe.
You shoot an arrow. The arrow barely misses the orc wizard.
The arrow hits the plant!
The plant begins to die.
The plant is lightly damaged.
You shoot an arrow. The arrow hits the orc wizard.
The orc wizard is heavily wounded.
You shoot an arrow. The arrow hits the orc wizard.
The orc wizard is severely wounded.
The orc wizard points at you and mumbles some strange words.
The puff of flame hits you!
You shoot an arrow.
The arrow hits the orc wizard but does no damage.
The orc wizard is severely wounded.
The orc wizard barely misses you.
You shoot an arrow. The arrow hits the orc wizard.
The orc wizard is severely wounded.
A nearby plant withers and dies.
The orc wizard misses you.
The orc splashes around in the water.
You shoot an arrow. The arrow hits the orc wizard.
The orc wizard is almost dead.
The orc wizard points at you and mumbles some strange words.
The puff of flame hits you! The orc hits you with a +0 hand axe.
* * * LOW HITPOINT WARNING * * *
You are too injured to fight recklessly!
You are too injured to fight recklessly!
You are too injured to fight recklessly!
Unknown command.
You are too injured to fight recklessly!
Unknown command.
You shoot an arrow.
The arrow hits the orc wizard but does no damage.
The orc wizard is almost dead.
The orc wizard casts a spell at you. The magic dart hits you.
* * * LOW HITPOINT WARNING * * *
The orc splashes around in the water.
You shoot an arrow. The arrow barely misses the orc wizard.
The orc wizard splashes around in the water.
The orc hits you with a +0 hand axe.
You die...

........ ######.# #.#
#. .#.#... ♣..##.#
#.# #. ...# ~~..).#
#.# #. .### ~...#.#
#.# #. .# ~≈~~~.~.#.#
#.# #. .#
~≈~≈.~.P#.####.#####.
.##
~~~~~.......†........
..###
.~~.oo..#..##########
#.<÷# ....@..##..#
..#.# ...#..###..#
.##.# .###.####..#
.##<# .......))..#
.##.. .......###.#
##### ######.....#
#######


You could see an orc wizard and an orc.

Vanquished Creatures
  An iguana (D:3)
  6 adders
  3 orcs (D:3)
  4 endoplasms
  A giant cockroach (D:3)
  4 goblins
  9 hobgoblins
  7 jackals (D:1)
  3 quokkas
  6 ball pythons
  6 bats
  3 frilled lizards (D:1)
  5 kobolds
  4 rats
62 creatures vanquished.

Notes
Turn   | Place    | Note
-------+----------+-------------------------------------------
     0 | D:1      | Newt the Kobold Hunter began the quest for the Orb.
     0 | D:1      | Reached XP level 1. HP: 12/12 MP: 1/1
    86 | D:1      | Reached XP level 2. HP: 18/18 MP: 2/2
   327 | D:1      | Reached XP level 3. HP: 23/23 MP: 3/3
  2046 | D:2      | Reached XP level 4. HP: 30/30 MP: 4/4
  2659 | D:3      | Reached skill level 5 in Fighting
  2669 | D:3      | Reached XP level 5. HP: 23/35 MP: 5/5
  2750 | D:3      | Reached skill level 6 in Ranged Weapons
  2836 | D:3      | Found a transporter.
  2837 | D:3      | Found a transporter.
  2868 | D:3      | Identified the +3 buckler "Joplorr" {Regen+}
  3186 | D:3      | Slain by an orc

Illustrated notes

Levels and vault maps discovered:
D:1:      tarquinn_simple_flora_water_c, layout_basic, minmay_split_cup_small
D:2:      mumra_celtic_spiral_tile, layout_basic
D:3:      layout_loops_ring, serial_bayou, serial_bayou_pond_b,
          serial_bayou_shore_b, serial_bayou_shore_b, serial_bayou_pond_b,
          gammafunk_ghost_gnarly_gnolls, minmay_misc_feat_cross,
          nrook_mini_backslash

Skill      XL: |  1  2  3  4  5 |
---------------+----------------+-----
Fighting       | 3 4 5 |  5.0
Ranged Weapons | 6 |  6.5
Dodging        | |  2.4
Stealth        | |  1.3

Action                     |  1- 3 |  4- 6 || total
---------------------------+-------+-------++-------
   Fire: Shortbow          |    85 |    95 ||   180
    Use: Scroll            |     5 |     1 ||     6
 Armour: Leather armour    |    21 |    20 ||    41
  Dodge: Dodged            |    30 |    36 ||    66

Table legend: (Time is in decaauts)
 A = Elapsed time spent in this place.
 B = Non-inter-level travel time spent in this place.
 C = Inter-level travel time spent in this place.
 D = Time resting spent in this place.
 E = Time spent auto-exploring this place.
 F = Levels seen in this place.
 G = Mean time per level.
                   A        B        C        D        E       F      G
               +--------+--------+--------+--------+--------+-----+--------+
         Total |   3225 |   3158 |     67 |    538 |   2301 |   3 | 1075.0 |
       Dungeon |   3225 |   3158 |     67 |    538 |   2301 |   3 | 1075.0 |
               +--------+--------+--------+--------+--------+-----+--------+

Top non-repeatable levels by time:
     D:2: 1277 daAuts
     D:3: 1037 daAuts
     D:1: 910 daAuts
